 Dungeon Crawl Stone Soup version 0.20-a0-1039-gf554463 (webtiles) character file.

133 Gorglomux the Sneak (level 5, -1/27 HPs)
             Began as a Vine Stalker Assassin on Apr 22, 2017.
             Was an Initiate of Elyvilon.
             Slain by a hound (3 damage)
             ... on level 4 of the Dungeon.
             The game lasted 00:03:12 (1527 turns).

Gorglomux the Sneak (Vine Stalker Assassin)         Turns: 1527, Time: 00:03:13

Health: -1/27      AC:  3    Str: 13    XL:     5   Next: 16%
Magic:  0/6        EV: 11    Int: 11    God:    Elyvilon [......]
Gold:   111        SH:  0    Dex: 17    Spells: 4/4 levels left

rFire    . . .     SeeInvis .   b - +0 blowgun
rCold    . . .     Gourm    .   (no shield)
rNeg     . . .     Faith    .   c - +0 robe
rPois    .         Spirit   +   (no helmet)
rElec    .         Reflect  .   d - +0 cloak
rCorr    .         Harm     .   (no gloves)
MR       .....                  (no boots)
Stlth    +++.......             (no amulet)
Regen    0.5/turn               (no ring)
MPRegen  0.1/turn               (no ring)

@: no status effects
A: fangs 2, regeneration 1, magic shield, antimagic bite, no potion heal 3, rot
immunity
a: Renounce Religion


You were on level 4 of the Dungeon.
You worshipped Elyvilon.
Elyvilon was noncommittal.
You were not hungry.

You visited 1 branch of the dungeon, and saw 3 of its levels.

You collected 111 gold pieces.

Inventory:

Hand Weapons
 a - a +2 dagger
 b - a +0 blowgun (weapon)
Missiles
 e - 8 poisoned needles (quivered)
 f - 2 curare-tipped needles
Armour
 c - a +0 robe (worn)
 d - a +0 cloak (worn)
 i - a +0 pair of boots
   (You found it on level 1 of the Dungeon)
 m - a +2 pair of gloves
   (You found it on level 1 of the Dungeon)
Jewellery
 y - an uncursed amulet of regeneration {unknown}
   (You found it on level 2 of the Dungeon)
Scrolls
 h - a scroll of recharging {unknown}
 k - a scroll of blinking {unknown}
 l - 2 scrolls of identify {unknown}
 n - a scroll of teleportation {unknown}
 o - 6 scrolls of remove curse {unknown}
 r - a scroll of amnesia {unknown}
 s - a scroll of magic mapping {unknown}
 t - a scroll of random uselessness {unknown}
 u - a scroll of enchant weapon {unknown}
 z - 2 scrolls of fear {unknown}
Potions
 q - 2 potions of might {unknown}
 v - a potion of resistance {unknown}
 x - a potion of brilliance {unknown}
Comestibles
 g - 2 bread rations {@e1@e1}
 p - a meat ration {@e2@e2}
 w - a royal jelly
 A - 2 chunks of flesh {@w0@w0}


   Skills:
 + Level 2.7 Fighting
 * Level 3.1 Short Blades
 - Level 1.7 Throwing
 - Level 0.7 Dodging
 * Level 6.2 Stealth


You had 4 spell levels left.
You didn't know any spells.

Dungeon Overview and Level Annotations

Branches:
Dungeon (2/15)

Altars:
Elyvilon
Zin
The Shining One


Innate Abilities, Weirdness & Mutations

You have extremely sharp teeth.
Your natural rate of healing is unusually fast.
When hurt, damage is shared between your health and your magic reserves.
Your bite disrupts and absorbs the magic of your enemies.
Potions cannot restore your health.
You are immune to rotting.


Message History

e - 13 poisoned needles (gained 1)
You see here a worker ant corpse.
You feel sick.
You take 1 damage, and have 17/23 hp.
You butcher the worker ant corpse.
A - 3 chunks of flesh {@w0@w0} You feel sick.
e - 14 poisoned needles (gained 1)
You feel sick.
You take 1 damage, and have 17/23 hp.
e - 15 poisoned needles (gained 1) MP restored: 5 You start resting.
Eating one of 3 chunks of flesh {@w0@w0}.
You eat one of the 3 chunks of flesh {@w0@w0}.
You feel sick. x4
You are no longer poisoned.
You regained 2 hp, and now have 20/23 hp.
The iguana hisses angrily.
Health restored: 23 A hound comes into view.
The iguana bites you.
Found an escape hatch in the ceiling.
You take 4 damage, and have 19/23 hp.
You now have 4/5 mp.
You completely miss the iguana. The iguana bites you!
You take 8 damage, and have 11/23 hp.
MASSIVE DAMAGE!!
You now have 2/5 mp.
The hound barks!
b - a +0 blowgun (weapon)
The iguana closely misses you.
Aim: an iguana You shoot a poisoned needle.
The poisoned needle hits the iguana.
Aim: an iguana You shoot a poisoned needle.
The poisoned needle closely misses the iguana.
The iguana barely misses you.
Aim: an iguana You shoot a poisoned needle.
The poisoned needle closely misses the iguana.
The iguana bites you.
You take 4 damage, and have 12/23 hp.
You are too injured to fight recklessly!
You are too injured to fight recklessly!
Unknown command.
Aim: an iguana You shoot a poisoned needle.
The poisoned needle hits the iguana.
The iguana is poisoned.
The iguana bites you.
You take 4 damage, and have 8/23 hp.
You now have 2/5 mp.
Aim: an iguana (poisoned)
You shoot a poisoned needle. The poisoned needle hits the iguana.
The iguana looks even sicker.
The iguana barely misses you.
Aim: an iguana (lightly wounded, poisoned)
You shoot a poisoned needle. The poisoned needle hits the iguana.
The iguana looks even sicker.
The iguana bites you.
* * * LOW HITPOINT WARNING * * *
You take 3 damage, and have 6/23 hp.
You see here 5 poisoned needles.
You kill the iguana!
You have reached level 5!
You regained 3 hp, and now have 14/27 hp.
Unknown command.
Aim: a hound You shoot a poisoned needle.
The poisoned needle hits the hound.
The hound is poisoned.
a - a +2 dagger (weapon)
The hound closely misses you.
You are too injured to fight recklessly!
You are too injured to fight recklessly!
You are too injured to fight recklessly!
You closely miss the hound. The hound barely misses you.
You are too injured to fight recklessly!
You are too injured to fight recklessly!
You hit the hound.
The hound stops to sniff the ground.
The hound bites you but does no damage.
You hit the hound. The hound bites you. x2
* * * LOW HITPOINT WARNING * * *
You take 7 damage, and have 8/27 hp.
MASSIVE DAMAGE!!
You now have 1/6 mp.
The hound stops to sniff the ground.
The hound bites you.
* * * LOW HITPOINT WARNING * * *
You take 2 damage, and have 6/27 hp.
You see here 5 poisoned needles.
Unknown command.
b - a +0 blowgun (weapon)
The hound bites you.
* * * LOW HITPOINT WARNING * * *
You take 5 damage, and have 1/27 hp.
You now have 0/6 mp.
Aim: a hound (heavily wounded, poisoned)
You shoot a needle of paralysis.
The needle of paralysis closely misses the hound.
The hound barely misses you.
Aim: a hound (heavily wounded, poisoned)
You shoot a needle of paralysis.
The needle of paralysis barely misses the hound.
The hound bites you.
You die...

#........# ###........##########
..................... .
#........########## .#
..#######........#############.#.
#............................>..<
..............(.................
.....##.....###...............#
..###.(.....h@####............
#.#_##........................
##.'.##..........#######(......
#..'._#..........# .......
#).'.##..........# ##.....
###..#_##.......(.## .....
.....###................ ....
##........###......###.. ...
#.###.##.###......... ...


You could see a hound.

Vanquished Creatures
  A scorpion (D:4)
  An iguana (D:4)
  A worker ant (D:4)
  An ooze (D:2)
  A worm (D:1)
  A dart slug (D:2)
  3 bats
  2 giant cockroaches (D:2)
  3 goblins
  4 hobgoblins
  4 kobolds
  A quokka (D:2)
  A frilled lizard (D:2)
  A leopard gecko skeleton (D:4)
  6 rats
31 creatures vanquished.

Notes
Turn   | Place    | Note
-------+----------+-------------------------------------------
     0 | D:1      | Gorglomux the Vine Stalker Assassin began the quest for the Orb.
     0 | D:1      | Reached XP level 1. HP: 11/11 MP: 2/2
   223 | D:1      | Reached skill level 2 in Short Blades
   272 | D:1      | Reached skill level 5 in Stealth
   363 | D:1      | Reached skill level 2 in Fighting
   363 | D:1      | Reached XP level 2. HP: 14/15 MP: 3/3
   762 | D:1      | Gorglomux: !whichrole ws
   762 | D:1      | beem: No recent wins for ws.
   762 | D:1      | Gorglomux: !whichrole vs
   762 | D:1      | beem: 571 recent wins: 179x Fighter, 75x Berserker, 69x Monk, 51x Assassin, 32x Gladiator, 27x Wanderer, 18x Artificer, 12x Warper, 12x Summoner, 12x Arcane Marksman, 11x Transmuter, 10x Abyssal Knight, 10x Enchanter, 9x Conjurer, 9x Skald, 7x Hunter, 6x Ice Elementalist, 6x Fire Elementalist, 5x Chaos Knight, 5x Necromancer, 3x Air Elementalist, Venom Mage, Earth Elementalist, Wizard
   763 | D:1      | Gorglomux: !whichgod vsas
   763 | D:1      | beem: 51 recent wins: 7x Gozag, 5x Uskayaw, 5x Dithmenos, 5x Hepliaklqana, 4x The Shining One, 3x Ru, 3x Okawaru, 3x Nemelex Xobeh, 3x Zin, 3x Makhleb, 2x Trog, 2x Ashenzari, Elyvilon, Pakellas, Wu Jian, Cheibriados, Kikubaaqudgha, Lugonu
   988 | D:2      | Reached XP level 3. HP: 18/18 MP: 4/4
  1358 | D:2      | You fall through a shaft for 2 floors!
  1372 | D:4      | Noticed a scorpion
  1385 | D:4      | Killed a scorpion
  1385 | D:4      | Gained mutation: Your natural rate of healing is unusually fast. [Vine Stalker growth]
  1385 | D:4      | Reached XP level 4. HP: 18/23 MP: 5/5
  1401 | D:4      | Found a glowing golden altar of the Shining One.
  1401 | D:4      | Found a white marble altar of Elyvilon.
  1401 | D:4      | Found a glowing silver altar of Zin.
  1411 | D:4      | Became a worshipper of Elyvilon the Healer
  1458 | D:4      | Reached skill level 3 in Short Blades
  1458 | D:4      | Reached skill level 6 in Stealth
  1516 | D:4      | Reached XP level 5. HP: 14/27 MP: 3/6
  1523 | D:4      | HP: 6/27 [hound (3)]
  1525 | D:4      | HP: 1/27 [hound (5)]
  1527 | D:4      | Slain by a hound

Vault maps used:
D:1:      dpeg_arrival_boxes_within_box
D:4:      good_gods_mini_temple, grunt_temple_overflow_open, first_bread,
          uniq_crazy_yiuf_cottage

Skill      XL: |  1  2  3  4 |
---------------+-------------+-----
Short Blades   | 2 3 |  3.1
Stealth        | 5 6 |  6.2
Fighting       | 2 |  2.7
Throwing       | |  1.7
Dodging        | |  0.7

Action                   |  1- 3 |  4- 6 || total
-------------------------+-------+-------++-------
Melee: Dagger            |    60 |     9 ||    69
       Bite              |    14 |     2 ||    16
 Fire: Blowgun           |     3 |    12 ||    15
 Stab: Sleeping          |    13 |       ||    13
  Eat: Chunk             |     1 |     1 ||     2
Armor: Robe              |     8 |     3 ||    11
Dodge: Dodged            |    23 |     8 ||    31

Vault maps used:
D:1:      dpeg_arrival_boxes_within_box
D:4:      good_gods_mini_temple, grunt_temple_overflow_open, first_bread,
          uniq_crazy_yiuf_cottage

Table legend:
 A = Turns spent in this place as a percentage of turns spent in the entire game.
 B = Non-inter-level travel turns spent in this place as a percentage of non-inter-level travel turns spent in the entire game.
 C = Inter-level travel turns spent in this place as a percentage of turns spent in this place.
 D = Turns resting spent in this place as a percentage of non-inter-level travel turns spent in this place.
 E = Turns spent auto-exploring this place as a percentage of non-inter-level travel turns spent in this place.
 F = Non-inter-level travel turns spent in this place divided by the number of levels of this place that you've seen.
                   A       B       C       D       E      F
               +-------+-------+-------+-------+-------+----------------------
         Total | 100.0 | 100.0 |   0.6 |   0.4 |  14.9 | 156.3
       Dungeon | 100.0 | 100.0 |   0.6 |   0.4 |  14.9 | 156.3
               +-------+-------+-------+-------+-------+----------------------

Table legend:
 A = Kills in this place as a percentage of kills in entire the game.
 B = Kills by you in this place as a percentage of kills by you in the entire game.
 C = Kills by friends in this place as a percentage of kills by friends in the entire game.
 D = Other kills in this place as a percentage of other kills in the entire game.
 E = Experience gained in this place as a percentage of experience gained in the entire game.
 F = Experience gained in this place divided by the number of levels of this place that you have seen.
                   A       B       C       D       E      F
               +-------+-------+-------+-------+-------+----------------------
         Total | 100.0 | 100.0 |  -nan |  -nan | 100.0 |  63.7
       Dungeon | 100.0 | 100.0 |  -nan |  -nan | 100.0 |  63.7
               +-------+-------+-------+-------+-------+----------------------
